 Dungeon Crawl Stone Soup version 0.26-a0-1080-g4c0aae810e (webtiles) character file.

Game seed: 2060322476202504094

54 sanka the Sneak (level 3, -4/16 HPs)
             Began as a Spriggan Enchanter on Dec 14, 2020.
             Slain by Natasha (5 damage)
             ... on level 1 of the Dungeon.
             The game lasted 00:02:52 (1717 turns).

sanka the Sneak (Spriggan Enchanter)                Turns: 1717, Time: 00:02:53

Health: -4/16      AC:  6    Str:  6    XL:     3   Next: 66%
Magic:  0/8        EV: 18    Int: 16    God:
Gold:   85         SH:  0    Dex: 19    Spells: 1/7 levels left

rFire    . . .     SeeInvis +   a - +1 dagger
rCold    + . .     Faith    .   (shield restricted)
rNeg     . . .     Spirit   +   b - +0 robe
rPois    .         Reflect  .   (helmet restricted)
rElec    .         Harm     .   (no cloak)
rCorr    .         Rampage  .   (gloves unavailable)
Will     .....                  (boots unavailable)
Stlth    +++++.....             f - amulet of guardian spirit
HPRegen  0.05/turn              j - +4 ring of protection
MPRegen  0.11/turn              c - ring of protection from cold

@: slowed, quick
A: very small, unfitting armour, thin skeletal structure 1, see invisible, speed
3, sense surroundings 1, strong 1
a: no special abilities


You were on level 1 of the Dungeon.
You visited 1 branch of the dungeon, and saw 2 of its levels.

You collected 85 gold pieces.


Innate Abilities, Weirdness & Mutations

You are very small and have problems with some larger weapons.
You are too small for most types of armour.
You have supernaturally acute eyesight. (SInv)
You cover ground extremely quickly.
You have a somewhat thin skeletal structure. (Dex +2, Stealth)
You passively map a small area around you.
Your muscles are strong. (Str +2)


   Skills:
 - Level 1.1 Short Blades
 - Level 3.0 Dodging
 + Level 7.2 Stealth
 - Level 2.6 Spellcasting
 - Level 3.6 Hexes


You had one spell level left.
You knew the following spells:

 Your Spells              Type           Power        Failure   Level
z - Ensorcelled Hibernat  Hex/Ice        #.....       14%         2
X - Confusing Touch       Hex            ##......     13%         3
Z - Corona                Hex            ##.....      4%          1

Your spell library contained the following spells:

 Spells                   Type           Power        Failure   Level
 Tukima's Dance           Hex            ##......     13%         3
 Dazzling Flash           Conj/Hex       #.....       28%         3

Inventory:

Hand Weapons
 a - a +1 dagger (weapon)
Missiles
 m - 22 poisoned darts
Armour
 b - a +0 robe (worn)
Jewellery
 c - a ring of protection from cold (right hand)
 f - an amulet of guardian spirit (around neck)
 j - a +4 ring of protection (left hand)
Scrolls
 n - a scroll of remove curse {unknown}
Potions
 d - a potion of flight {unknown}
 e - a potion of haste {unknown}
 g - a potion of cancellation {unknown}
 h - a potion of mutation {!q}
 i - a potion of lignification {unknown}
 k - a potion of brilliance {unknown}
 l - a potion of magic {unknown}

Dungeon Overview and Level Annotations

Branches:
Dungeon (2/15)

Altars:

Annotations:
D:1 Natasha

.▒▒,,,,,,,,,,,░░,░
..▒,░,░░░,,(░░░▒.▒
.▒..,░░ ░░,░░ ▒.▒
,░░,░░ ░,░ ▒.▒
,░▒.▒ ░,░ ▒.▒
.▒▒.▒ ░,░▒▒▒▒.▒
.▒▒.▒ ░,,..▒▒5▒
.▒▒.▒ ░░░▒.▒▒h▒
.▒▒.▒ ▒.▒▒i▒ .▒▒.▒
▒.▒▒.▒ .▒▒.▒
▒.▒▒.▒
.▒▒.▒▒▒▒▒▒▒▒▒.▒▒.▒
..............▒▒.▒
....▒▒▒▒▒▒.......▒
▒▒▒.▒▒▒▒▒▒.▒▒▒▒▒▒▒
▒........▒
▒▒▒▒▒▒▒▒▒▒


You could see Natasha and a shadow imp (summoned).


Message History

Natasha closely misses you.
You hit Natasha but do no damage.
Your hands stop glowing.
Natasha wildly gestures.
You feel disoriented. Natasha claws you.
* * * LOW HITPOINT WARNING * * *
Natasha stares at you and mumbles some strange words.
You resist with some effort.
You hit Natasha but do no damage. Natasha claws you but does no damage.
You hit Natasha.
Natasha is lightly wounded.
Natasha casts a spell.
Natasha misses you.
You closely miss Natasha.
Natasha is lightly wounded.
Natasha claws you.
* * * LOW HITPOINT WARNING * * *
Unknown command.
You hit Natasha.
Natasha is lightly wounded.
Natasha completely misses you.
It was a potion of mutation.
You feel extremely strange.
You feel stronger.
Your bones become slightly less dense.
You feel a strange attunement to the structure of the dungeons.
Natasha claws you.
You die...

Action                   || total
-------------------------++-------
Melee: Dagger            ||    79
 Cast: Corona            ||     3
       Ensorcelled Hiber ||    10
       Confusing Touch   ||     1
  Use: Potion            ||     1
 Stab: Sleeping          ||    19
Armor: Robe              ||     8
Dodge: Dodged            ||    49

Levels and vault maps discovered:
D:1:      dpeg_arrival_windows_large_door, layout_loops_ring, grunt_decor_cap
D:2:      layout_rooms, uniq_natasha

Notes
Turn   | Place    | Note
-------+----------+-------------------------------------------
     0 | D:1      | sanka the Spriggan Enchanter began the quest for the Orb.
     0 | D:1      | Reached XP level 1. HP: 9/9 MP: 5/5
   318 | D:1      | Reached skill level 5 in Stealth
   360 | D:1      | Reached XP level 2. HP: 13/13 MP: 4/6
   363 | D:1      | Learned a level 2 spell: Ensorcelled Hibernation
   837 | D:2      | Reached skill level 6 in Stealth
   851 | D:2      | Reached XP level 3. HP: 16/16 MP: 8/8
   977 | D:2      | Reached skill level 7 in Stealth
  1154 | D:1      | Learned a level 3 spell: Confusing Touch
  1165 | D:2      | Noticed Natasha
  1715 | D:1      | HP: 1/16 [Natasha (1)]
  1717 | D:1      | Gained mutation: Your muscles are strong. (Str +2) [potion
                  | of mutation]
  1717 | D:1      | Gained mutation: You have a somewhat thin skeletal
                  | structure. (Dex +2, Stealth) [potion of mutation]
  1717 | D:1      | Gained mutation: You passively map a small area around you.
                  | [potion of mutation]
  1717 | D:1      | Slain by Natasha

Vanquished Creatures
  2 adders (D:2)
  3 dart slugs
  A leopard gecko (D:2)
  2 giant cockroaches
  7 goblins
  2 hobgoblins (D:1)
  4 kobolds
  A quokka (D:2)
  A bat (D:1)
  A frilled lizard (D:1)
  4 rats
28 creatures vanquished.
